 Dungeon Crawl Stone Soup version 0.32-a0-643-ga006e7742e (webtiles) character file.

Game seed: 16786738261901812868

45273 Malificent the Impaler (level 14, -3/108 HPs)
             Began as a Coglin Artificer on Mar 7, 2024.
             Was a High Priest of Ashenzari.
             Slain by a skeletal warrior
             ... wielding a +0 dire flail
              (19 damage)
             ... on level 14 of the Dungeon.
             The game lasted 01:31:19 (15096 turns).

Malificent the Impaler (Coglin Artificer)          Turns: 15096, Time: 01:31:19

Health: -3/108     AC:  9    Str: 17    XL:     14   Next: 32%
Magic:  14/14      EV: 16    Int: 11    God:    Ashenzari [*****.]
Gold:   641        SH:  0    Dex: 18    Spells: 13/13 levels left

rFire   + . .        w - +7 trident of the Sibylline Seer {vamp, Dex+3, Melee, Dev} (curse)
rCold   + + .        D - +5 trident (venom) {Lucía}
rNeg    . . .        L - +0 steam dragon scales "Skepticism of Ashenzari" {Bglg, Dev} (curse)
rPois   +            u - +0 helmet "Share My Liberalism" {Elem, Cun} (curse)
rElec   .            l - scarf of the Wild Blue Yonder {rC+ rF+, Will+, Dev, Elem} (curse)
rCorr   +            I - +1 pair of gloves of Supernal Knowledge {Dev, Fort} (curse)
SInv    +            V - +0 pair of boots
Will    ++...        (amulet unavailable)
Stlth   ++++         (ring unavailable)
HPRegen 1.18/turn    (ring unavailable)
MPRegen 0.54/turn    E - bismuth dynamo {rPois rC+ Regen+ RegenMP+ rCorr}

%: clarity
@: no status effects
A: off-hand wielding, slow wielding, warmup strikes, no jewellery, deformed body
a: Renounce Religion, Curse Item, Shatter the Chains


You were on level 14 of the Dungeon.
You worshipped Ashenzari.
Ashenzari was extremely pleased with you.
You visited 4 branches of the dungeon, and saw 18 of its levels.

You collected 1637 gold pieces.
You spent 996 gold pieces at shops.

Inventory:

Hand Weapons
 a - a +0 club {Eunkyung}
 e - a +3 executioner's axe of electrocution
 f - a +0 dagger {Chinhae}
 p - a +4 quarterstaff of chaos {Yeongsuk}
 w - the cursed +7 trident of the Sibylline Seer (weapon) {vamp, Dex+3, Melee, Dev}
   (You bought it in a shop on level 3 of the Dungeon)

   Dex+3:     It affects your dexterity (+3).
   It has a curse which improves the following skills: Melee Combat: Short
   Blades, Long Blades, Axes, Maces & Flails, Polearms, Staves and Unarmed
   Combat.
   Devices:   Evocations and Shapeshifting.
 D - a +5 trident of venom (offhand) {Lucía}
Missiles
 R - a throwing net
Armour
 i - a +0 troll leather armour
 l - the cursed scarf of the Wild Blue Yonder (worn) {rC+ rF+, Will+, Dev, Elem}
   (You acquired it on level 2 of the Dungeon)

   Will+:     It increases your willpower.
   It has a curse which improves the following skills: Devices: Evocations and
   Shapeshifting.
   Elements:  Fire Magic, Ice Magic, Air Magic and Earth Magic.
 m - a +0 helmet
 u - the cursed +0 helmet "Share My Liberalism" (worn) {Elem, Cun}
   (You found it on level 4 of the Dungeon)

   It has a curse which improves the following skills: Elements: Fire Magic, Ice
   Magic, Air Magic and Earth Magic.
   Cunning:   Dodging and Stealth.
 I - the cursed +1 pair of gloves of Supernal Knowledge (worn) {Dev, Fort}
   (You found it on level 6 of the Dungeon)

   It has a curse which improves the following skills: Devices: Evocations and
   Shapeshifting.
   Fortitude: Armour and Shields.
 K - a +0 pair of gloves
 L - the cursed +0 steam dragon scales "Skepticism of Ashenzari" (worn) {Bglg, Dev}
   (You found it on level 8 of the Dungeon)

   It has a curse which improves the following skills: Beguiling: Hexes and
   Translocations.
   Devices:   Evocations and Shapeshifting.
 O - a +0 pair of gloves
 P - a +3 chain mail
 V - a +0 pair of boots (worn)
Gizmo
 E - a bismuth dynamo (installed) {rPois rC+ Regen+ RegenMP+ rCorr}
   (You invented it yourself on level 14 of the Dungeon)

   [bismuth dynamo]

   rC+:       It protects you from cold.
   rPois:     It protects you from poison.
   Regen+:    It increases your rate of health regeneration.
   rCorr:     It protects you from acid and corrosion.
   RegenMP+:  It increases your rate of magic regeneration.
Talismans
 G - a serpent talisman
 S - a beast talisman
Wands
 b - a wand of iceblast (4)
 c - a wand of flame (2) (quivered)
 d - a wand of charming (1)
 o - a wand of polymorph (3)
Scrolls
 q - 8 scrolls of teleportation
 x - a scroll of summoning
 y - 2 scrolls of poison
 A - 4 scrolls of fear
 B - 2 scrolls of vulnerability
 F - a scroll of revelation
 J - a scroll of immolation
 N - 4 scrolls of amnesia
 T - 4 scrolls of enchant armour
 U - a scroll of fog
Potions
 g - 5 potions of lignification
 h - 4 potions of magic
 j - 3 potions of mutation
 k - a potion of haste
 n - 8 potions of curing
 r - 2 potions of attraction
 s - 3 potions of resistance
 t - 3 potions of enlightenment
 v - a potion of might
 z - 2 potions of brilliance
 C - 2 potions of ambrosia
 H - a potion of cancellation
 Q - a potion of berserk rage
Miscellaneous
 M - a phantom mirror (inert)


   Skills:
 + Level 9.0 Fighting
 + Level 1.1(2.4) Short Blades
 + Level 1.3(3.4) Maces & Flails
 * Level 15.9(18.0) Polearms
 + Level 3.1(11.5) Staves
 * Level 4.8(6.9) Armour
 + Level 5.5(7.7) Dodging
 + Level 5.9(8.1) Stealth
 * Level 13.8(18.8) Evocations


You had 13 spell levels left.
You didn't know any spells.
Your spell library contained the following spells:

 Spells                   Type           Power      Damage    Failure   Level
 Freeze                   Ice            0%         1d3       30%         1
 Magic Dart               Conj           0%         1d3       34%         1
 Blink                    Tloc           0%         N/A       43%         2
 Lesser Beckoning         Tloc           0%         N/A       43%         2
 Momentum Strike          Conj/Tloc      0%         3d8       45%         2
 Searing Ray              Conj           0%         2d4       47%         2
 Frozen Ramparts          Ice            0%         1d1       65%         3
 Sigil of Binding         Hex            0%         N/A       67%         3
 Tukima's Dance           Hex            0%         N/A       67%         3
 Volatile Blastmotes      Fire/Tloc      0%         2d10      67%         3
 Hailstorm                Conj/Ice       0%         3d5       69%         3
 Summon Ice Beast         Ice/Summ       0%         N/A       69%         3
 Call Canine Familiar     Summ           0%         N/A       71%         3
 Dimensional Bullseye     Hex/Tloc       0%         N/A       97%         4
 Fulminant Prism          Conj/Alch      0%         3d5       98%         4
 Iskenderun's Mystic Bla  Conj/Tloc      0%         2d3       98%         4
 Sculpt Simulacrum        Ice/Alch       0%         N/A       100%        6
 Ozocubu's Refrigeration  Ice            0%         4d7       100%        7
 Polar Vortex             Ice            0%         N/A       100%        9


Dungeon Overview and Level Annotations

Branches:
Dungeon (14/15)            Temple (1/1) D:4            Lair (1/5) D:8
    Orc (2/2) D:12            Elf (0/3) Orc:2        Vaults (0/5) D:14

Altars:
Ashenzari
Cheibriados
Dithmenos
Elyvilon
Fedhas
Gozag
Hepliaklqana
Kikubaaqudgha
Makhleb
Nemelex Xobeh
Okawaru
Qazlal
Ru
Sif Muna
Trog
Uskayaw
Vehumet
Wu Jian
Xom
Yredelemnul
Zin
The Shining One
Beogh

Shops:
D:3 (   D:6 *   Orc:2 (?*[*


Innate Abilities, Weirdness & Mutations

You can wield a second weapon in your off-hand.
It takes a long time for you to wield or remove held weapons.
Your first few attacks do less damage.
You cannot equip rings or amulets.
Armour fits poorly on your strangely shaped body.


Message History

The skeletal warrior is lightly damaged.
You hit the skeletal warrior but do no damage.
The skeletal warrior hits you with a +0 dire flail!!
You hit the skeletal warrior with the cursed +7 trident of the Sibylline Seer.
The skeletal warrior is lightly damaged.
You puncture the skeletal warrior with your +5 trident of venom!
You puncture the skeletal warrior with your +5 trident of venom!
The skeletal warrior is heavily damaged.
You closely miss the skeletal warrior with the cursed +7 trident of the Sibylline Seer.
The skeletal warrior hits you with a +0 dire flail!!
You are too injured to fight recklessly!
Things that are here:
a +0 whip; a +0 robe The skeletal warrior attacks as it pursues you!
The skeletal warrior completely misses you.
Aiming: Charm
Press: ? - help, Shift-Dir - straight line, f - skeletal warrior
Aim: a skeletal warrior, wielding a +0 glaive (chance to affect: 18%)
Okay, then.
You see here a +0 scimitar of flaming.
The skeletal warrior attacks as it pursues you!
The skeletal warrior misses you.
The skeletal warrior attacks as it pursues you!
The skeletal warrior hits you but does no damage.
The skeletal warrior attacks as it pursues you!
The skeletal warrior hits you with a +0 dire flail!!
The skeletal warrior attacks as it pursues you!
The skeletal warrior hits you with a +0 dire flail.
The skeletal warrior attacks as it pursues you!
The skeletal warrior hits you with a +0 dire flail!!
* * * LOW HITPOINT WARNING * * *
You see here a +0 flail.
The skeletal warrior attacks as it pursues you!
The skeletal warrior barely misses you.
The skeletal warrior attacks as it pursues you!
The skeletal warrior hits you with a +0 dire flail!
* * * LOW HITPOINT WARNING * * *
The skeletal warrior attacks as it pursues you!
The skeletal warrior hits you with a +0 dire flail!!
You die...

#.# #.......# #.#
###....##.# #.####
#.........# #....#
#.........#
####.##########.........#
#.#.......####....##.#
#.#.......# #........#
######..########.#....###
.....#..#....∩##@###..#
..#.##..##.#.)#.z..#..###
.#.#)#..#.#)#.##.#......#
..##.#..#.##..##z.....#.#
.#))........#.##)#.#.##.#
####.#..#.######z#.#.##.#
*****
.............z...#......#
*,,,,
...........z....##.#<####
*,*
####.#..#z########.#)#
****,*


You could see 3 skeletal warriors.

Vanquished Creatures
  Frances (D:12)
  An entropy weaver (Orc:2)
  Erolcha (D:12)
  A rakshasa (D:14)
  A catoblepas (D:13)
  Erica (Orc:1)
  3 ogre magi
  An alligator (D:14)
  11 two-headed ogres
  A centaur warrior (D:13)
  A boulder beetle (D:12)
  A tengu warrior (D:14)
  2 skeletal warriors (D:14)
  A deep troll (Orc:2)
  3 lindwurms (D:9)
  An orc knight (D:12)
  A shining eye (D:14)
  6 ugly things
  A manticore (D:12)
  2 cyclopes
  A kobold blastminer (Orc:2)
  2 gargoyles
  2 torpor snails (D:14)
  3 centaur skeletons (D:14)
  A cane toad (D:8)
  A komodo dragon (D:8)
  2 yaktaurs (D:14)
  Psyche (D:9)
  2 kobold demonologists
  An efreet (D:14)
  3 tengu conjurers (D:14)
  11 trolls
  12 slime creatures
  3 shadows
  A wraith (D:13)
  3 wyverns
  8 yaks
  Grum (D:11)
  3 steam dragons
  A fire bat (D:13)
  12 vampire mosquitoes
  3 wargs
  Menkaure (D:4)
  2 water moccasins
  A sky beast (D:7)
  An ice beast (D:6)
  A boggart (D:14)
  10 orc warriors
  22 ogres
  7 wolves
  6 centaurs
  5 kobold brigands
  6 bullfrogs
  2 gnoll sergeants (D:10)
  5 scorpions
  3 wights (D:7)
  4 killer bees (D:7)
  6 howler monkeys
  A jelly (D:8)
  3 quasits (D:6)
  Crazy Yiuf (D:2)
  2 gnoll boudas
  6 hounds
  11 orc priests
  4 iguanas
  15 orc wizards
  A boggart skeleton (D:14)
  18 gnolls
  7 adders
  3 shadow imps
  2 ufetubi (D:6)
  A ribbon worm (D:5)
  7 dart slugs
  39 orcs
  8 endoplasms
  4 giant cockroaches
  6 goblins
  8 hobgoblins
  9 jackals
  16 kobolds
  6 quokkas
  8 ball pythons
  6 bats
  17 frilled lizards
  5 rats (D:1)
414 creatures vanquished.

Vanquished Creatures (collateral kills)
  A two-headed ogre (Orc:2)
  2 cyclopes (Orc:2)
  A yak (D:10)
  An ogre (Orc:2)
  An orc wizard (D:12)
  4 orcs
10 creatures vanquished.

Vanquished Creatures (others)
  A deep troll (Orc:2)
  A lindwurm (D:9)
  A yak (D:10)
  A centaur (D:8)
  A kobold brigand (D:8)
  A killer bee (D:7)
  A gnoll (D:5)
  A hobgoblin (D:3)
8 creatures vanquished.

Grand Total: 432 creatures vanquished

Notes
Turn   | Place    | Note
-------+----------+-------------------------------------------
     0 | D:1      | Malificent the Coglin Artificer began the quest for the
                  | Orb.
     0 | D:1      | Reached XP level 1. HP: 15/15 MP: 1/1
    81 | D:1      | Reached XP level 2. HP: 15/21 MP: 2/2
   266 | D:1      | Reached skill level 1 in Stealth
   407 | D:1      | Reached XP level 3. HP: 26/26 MP: 3/3
   690 | D:1      | Reached skill level 1 in Dodging
   699 | D:1      | Reached skill level 1 in Maces & Flails
  1131 | D:2      | Found a burning altar of Makhleb.
  1323 | D:2      | Reached skill level 5 in Evocations
  1323 | D:2      | Reached XP level 4. HP: 29/32 MP: 4/4
  1506 | D:2      | Found a runed translucent door.
  1507 | D:2      | Noticed Crazy Yiuf
  1515 | D:2      | Your ally Crazy Yiuf died
  1702 | D:2      | Reached skill level 1 in Short Blades
  1711 | D:2      | Identified a scroll of acquirement
  1711 | D:2      | Acquired the scarf of Burning the Good {rC+ rF+, Will+}
  2101 | D:3      | Found Eraixzix's Antique Weapon Emporium.
  2269 | D:3      | Reached XP level 5. HP: 35/38 MP: 5/5
  3297 | D:4      | Found a staircase to the Ecumenical Temple.
  3304 | Temple   | Entered the Ecumenical Temple
  3378 | Temple   | Became a worshipper of Ashenzari the Shackled
  3429 | D:4      | Noticed Menkaure
  3439 | D:4      | Killed Menkaure
  3440 | D:4      | Reached skill level 1 in Staves
  3440 | D:4      | Reached XP level 6. HP: 44/44 MP: 6/6
  3931 | D:4      | Reached XP level 7. HP: 50/51 MP: 7/7
  3997 | D:3      | Bought a dazzling trident for 204 gold pieces
  3997 | D:3      | Identified the +7 trident of Ofesmun {vamp, Dex+3} (You
                  | bought it in a shop on level 3 of the Dungeon)
  4164 | D:5      | Entered Level 5 of the Dungeon
  4239 | D:5      | Reached skill level 1 in Polearms
  4332 | D:5      | You fall into a shaft and drop 3 floors!
  4380 | D:8      | Noticed a steam dragon
  4392 | D:8      | Killed a steam dragon
  4393 | D:8      | Reached skill level 2 in Polearms
  4438 | D:8      | Reached XP level 8. HP: 56/58 MP: 8/8
  4644 | D:5      | Reached skill level 3 in Polearms
  5267 | D:6      | Reached skill level 4 in Polearms
  5323 | D:6      | Found Oturroh's General Store.
  5334 | D:6      | Bought a scroll of revelation for 97 gold pieces
  5392 | D:6      | Reached skill level 5 in Polearms
  5587 | D:6      | Noticed a two-headed ogre
  5592 | D:6      | Killed a two-headed ogre
  5593 | D:6      | Reached skill level 6 in Polearms
  5593 | D:6      | Reached XP level 9. HP: 38/65 MP: 9/9
  5596 | D:6      | Noticed a two-headed ogre
  5602 | D:6      | Killed a two-headed ogre
  5603 | D:6      | Reached skill level 7 in Polearms
  5685 | D:6      | Noticed a cyclops
  5688 | D:6      | Killed a cyclops
  5689 | D:6      | Reached skill level 8 in Polearms
  5690 | D:6      | Noticed a troll
  5699 | D:6      | Killed a troll
  5836 | D:6      | Reached XP level 10. HP: 67/72 MP: 10/10
  6260 | D:7      | Reached skill level 9 in Polearms
  6600 | D:7      | Reached * piety under Ashenzari
  6600 | D:7      | Reached ** piety under Ashenzari
  6610 | D:7      | Found a shadowy altar of Dithmenos.
  6623 | D:7      | Found a burning altar of Makhleb.
  6896 | D:8      | Found a staircase to the Lair.
  7271 | D:9      | Identified the ring "Xetoce" {Wiz Dex+2}
  7467 | D:9      | Noticed a lindwurm
  7472 | D:9      | Noticed a lindwurm
  7475 | D:9      | Noticed Psyche
  7480 | D:9      | Noticed a two-headed ogre
  7482 | D:9      | Killed Psyche
  7483 | D:9      | Reached skill level 10 in Polearms
  7487 | D:9      | Killed a two-headed ogre
  7534 | D:9      | Reached *** piety under Ashenzari
  7569 | D:9      | Noticed a lindwurm
  7576 | D:9      | Killed a lindwurm
  7576 | D:9      | Noticed a lindwurm
  7577 | D:9      | Reached skill level 5 in Fighting
  7577 | D:9      | Reached skill level 10 in Evocations
  7577 | D:9      | Reached XP level 11. HP: 79/79 MP: 11/11
  7577 | D:9      | Killed a lindwurm
  7651 | D:9      | Killed a lindwurm
  7652 | D:9      | Reached skill level 11 in Polearms
  8109 | D:10     | Entered Level 10 of the Dungeon
  8311 | D:10     | Reached **** piety under Ashenzari
  8311 | D:10     | Reached ***** piety under Ashenzari
  8824 | D:11     | Noticed a cyclops
  8828 | D:11     | Killed a cyclops
  9069 | D:11     | Noticed Grum
  9080 | D:11     | Killed Grum
  9574 | D:12     | Reached skill level 12 in Polearms
  9874 | D:12     | Reached XP level 12. HP: 87/87 MP: 12/12
  9995 | D:12     | Found a staircase to the Orcish Mines.
 10394 | D:12     | Noticed a boulder beetle
 10397 | D:12     | Noticed Erolcha
 10404 | D:12     | Killed Erolcha
 10407 | D:12     | Killed a boulder beetle
 10417 | D:12     | Reached skill level 13 in Polearms
 10477 | D:12     | Noticed Frances
 10490 | D:12     | Killed Frances
 10838 | Orc:1    | Entered Level 1 of the Orcish Mines
 10983 | Orc:1    | Reached skill level 5 in Stealth
 11027 | Orc:1    | Noticed Erica
 11034 | Orc:1    | Killed Erica
 11209 | Orc:2    | Entered Level 2 of the Orcish Mines
 11452 | Orc:2    | a kobold blastminer changed into an entropy weaver
 11452 | Orc:2    | Noticed an entropy weaver
 11464 | Orc:2    | Killed an entropy weaver
 11556 | Orc:2    | Found a staircase to the Elven Halls.
 11648 | Orc:1    | Found a roughly hewn altar of Beogh.
 11750 | Orc:2    | Found Mudunk's General Store.
 11783 | Orc:2    | Noticed a two-headed ogre
 11785 | Orc:2    | Noticed a two-headed ogre
 11789 | Orc:2    | Reached skill level 14 in Polearms
 11793 | Orc:2    | Killed a two-headed ogre
 11794 | Orc:2    | Killed a two-headed ogre
 11795 | Orc:2    | Reached XP level 13. HP: 96/96 MP: 13/13
 12047 | Orc:2    | Reached skill level 15 in Polearms
 12467 | Orc:1    | Found a roughly hewn altar of Beogh.
 12680 | Orc:2    | Found Qigg's Weapon Shop.
 12685 | Orc:2    | Found Diliex's Magic Scroll Emporium.
 12691 | Orc:2    | Found Vonij's Antique Armour Shop.
 12705 | Orc:2    | Bought a wand of flame (5) for 45 gold pieces
 12721 | Orc:2    | Found Aqaixkoj's Alliterative Armaments.
 12746 | Orc:2    | Bought a helmet for 139 gold pieces
 12752 | Orc:2    | Bought a scroll of summoning for 123 gold pieces
 12752 | Orc:2    | Bought a scroll of enchant armour for 97 gold pieces
 12752 | Orc:2    | Bought a scroll of enchant armour for 97 gold pieces
 12752 | Orc:2    | Bought a scroll of enchant armour for 97 gold pieces
 12752 | Orc:2    | Bought a scroll of enchant armour for 97 gold pieces
 12971 | Lair:1   | Entered Level 1 of the Lair of Beasts
 13042 | D:8      | Reached skill level 5 in Dodging
 14302 | D:14     | Found a gate to the Vaults.
 14432 | D:14     | Reached XP level 14. HP: 88/106 MP: 14/14
 14727 | D:14     | Acquired a bismuth dynamo {rPois rC+ Regen+ RegenMP+ rCorr}
 15048 | D:14     | Gained mutation: Armour fits poorly on your strangely
                  | shaped body. [a shining eye]
 15096 | D:14     | Slain by a skeletal warrior

Illustrated notes

Levels and vault maps discovered:
D:1:      amcnicky_arrival_wind_blow, layout_basic, minmay_cut_off
D:2:      layout_loops_ring, basic_altar, uniq_crazy_yiuf_cottage
D:3:      layout_basic, serial_corexii_hall, corexii_hall_statues_i,
          corexii_hall_statues_x, serial_shops, nicolae_shop_overgrown_old_shop,
          minmay_lizard_king
D:4:      layout_basic, minmay_temple_entry_slanted, uniq_menkaure
D:5:      wad_lake_hut, layout_basic, serial_glass, glass_columns_a,
          glass_columns_b, glass_columns_a, glass_columns_a, glass_columns_a,
          glass_columns_b, glass_columns_a, glass_columns_a, glass_columns_a,
          glass_columns_a, glass_columns_a, glass_columns_b, glass_columns_a,
          glass_columns_b, minmay_strange_pillars, feat_on_display,
          due_unseen_surprise, feat_on_display
D:6:      layout_rooms, serial_shops, nicolae_shop_tiny_real_fake_doors,
          serial_demonic, serial_demonic_a, serial_demonic_g, serial_demonic_c,
          serial_demonic_d, wad_floor_pattern_untrapped, kb_rosetta
D:7:      layout_loops_ring, mainiacjoe_overflow_catwalk_spiral
D:8:      layout_cave_pools, lair_entry_dummy
D:9:      layout_roguey, minmay_lindwurm_lava, uniq_psyche
D:10:     layout_big_octagon, serial_gnoll_camp, gnoll_camp_mini_loothouse,
          gnoll_camp_huts_basic, gnoll_camp_mini_hut, gnoll_camp_mini_hut
D:11:     layout_loops_ring, uniq_grum
D:12:     layout_basic, david_orc_3, kennysheep_generic_room_11, uniq_frances,
          uniq_erolcha
D:13:     layout_loops_ring, minmay_liquid_box, nicolae_fountain_basement
D:14:     layout_loops_cross, hangedman_vaults_entry_quadrant_bands,
          grunt_decor_mini_mirrors, uniq_josephine
Temple:   mainiacjoe_temple_cubbyholes
Lair:1:   layout_big_grid, uniq_joseph
Orc:1:    layout_caves, basic_altar, mines1_david, uniq_erica
Orc:2:    st_orc_open, layout_caves, monkooky_shop_alliterative

Skill      XL: |  1  2  3  4  5  6  7  8  9 10 11 12 13 14 |
---------------+-------------------------------------------+-----
Stealth        | 1 2 3 4 5 |  5.9
Armour         | 2 3 4 |  4.8
Dodging        | 1 2 3 4 5 |  5.5
Maces & Flails | 1 |  1.3
Evocations     | 5 6 7 8 10 11 12 13 | 13.8
Short Blades   | 1 |  1.1
Fighting       | 2 3 4 5 7 8 9 |  9.0
Staves         | 1 2 3 |  3.1
Polearms       | 2 6 8 10 12 14 15 | 15.9

Action                     |  1- 3 |  4- 6 |  7- 9 | 10-12 | 13-15 || total
---------------------------+-------+-------+-------+-------+-------++-------
  Melee: Club              |    92 |    27 |       |       |       ||   119
         Dagger            |    92 |    28 |       |       |       ||   120
         Quarterstaff      |       |   117 |       |       |       ||   117
         Trident           |       |       |   214 |   738 |   516 ||  1468
 Invoke: Curse Item        |       |       |     1 |     4 |     1 ||     6
         Shatter the Chain |       |       |       |     1 |       ||     1
Ability: Invent Gizmo      |       |       |       |       |     1 ||     1
  Evoke: Wand              |     5 |     9 |    19 |    57 |    22 ||   112
         Phantom mirror    |       |       |       |     2 |     3 ||     5
    Use: Potion            |     1 |       |       |     4 |     3 ||     8
         Scroll            |     2 |     4 |     5 |     8 |     1 ||    20
   Stab: Sleeping          |     4 |     5 |     4 |     9 |     6 ||    28
         Distracted        |       |       |     2 |     5 |     2 ||     9
         Paralysed         |       |       |       |     5 |       ||     5
 Armour: Leather armour    |    66 |   107 |    98 |    51 |       ||   322
         Steam dragon scal |       |       |       |   142 |   100 ||   242
  Dodge: Dodged            |    64 |   102 |    94 |   193 |    99 ||   552

Table legend: (Time is in decaauts)
 A = Elapsed time spent in this place.
 B = Non-inter-level travel time spent in this place.
 C = Inter-level travel time spent in this place.
 D = Time resting spent in this place.
 E = Time spent auto-exploring this place.
 F = Levels seen in this place.
 G = Mean time per level.
                   A        B        C        D        E       F      G
               +--------+--------+--------+--------+--------+-----+--------+
         Total |  14960 |  14165 |    795 |   3409 |   6699 |  18 |  831.1 |
       Dungeon |  12980 |  12328 |    652 |   2713 |   6317 |  14 |  927.1 |
        Temple |    117 |     45 |     72 |      0 |      0 |   1 |  117.0 |
          Lair |     36 |     36 |      0 |      0 |      0 |   1 |   36.0 |
  Orcish Mines |   1825 |   1756 |     69 |    696 |    382 |   2 |  912.5 |
               +--------+--------+--------+--------+--------+-----+--------+

Top non-repeatable levels by time:
    D:12: 1431 daAuts
     D:3: 1375 daAuts
     D:1: 1107 daAuts
   Orc:2: 1009 daAuts
    D:14: 964 daAuts
     D:9: 899 daAuts
     D:2: 892 daAuts
     D:7: 892 daAuts
     D:5: 859 daAuts
   Orc:1: 816 daAuts
    D:11: 812 daAuts
     D:8: 789 daAuts
     D:6: 774 daAuts
    D:13: 757 daAuts
     D:4: 723 daAuts
